 Dungeon Crawl Stone Soup version 0.28-a0-851-g8b9cc49659 (webtiles) character file.

Game seed: 11582674803888181530

16960 avis the Fighter (level 12, 0/115 HPs)
             Began as a Hill Orc Monk on Nov 14, 2021.
             Was an Elder of Beogh.
             Succumbed to a swamp dragon's poison gas
             ... on level 3 of the Lair of Beasts on Nov 15, 2021.
             The game lasted 01:20:46 (16148 turns).

avis the Fighter (Hill Orc Monk)                   Turns: 16148, Time: 01:20:47

Health: 0/115      AC: 17    Str: 25    XL:     12   Next: 43%
Magic:  29/29      EV: 10    Int: 15    God:    Beogh [****..]
Gold:   529        SH:  0    Dex: 13    Spells: 11/11 levels left

rFire   . . .      SeeInvis .   a - +3 whip (elec)
rCold   . . .      Faith    +   (no shield)
rNeg    . . .      Spirit   .   I - +0 chain mail
rPois   .          Reflect  .   u - +3 hat of Pondering {ponderous, Will+ MP+10 Int+5}
rElec   .          Harm     .   (no cloak)
rCorr   .          Rampage  .   (no gloves)
Will    ++...                   n - +1 pair of boots
Stlth   ..........              z - amulet of faith
HPRegen 0.29/turn               r - +6 ring of strength
MPRegen 0.21/turn               l - ring of willpower

@: lethally poisoned (0 -> -9), slow
A: no striking features
a: Renounce Religion, Smiting, Recall Orcish Followers


You were on level 3 of the Lair of Beasts.
You worshipped Beogh.
Beogh was greatly pleased with you.
You visited 3 branches of the dungeon, and saw 13 of its levels.
You also visited: Ossuary.

You collected 529 gold pieces.

Inventory:

Hand Weapons
 a - a +3 whip of electrocution (weapon)
 d - a +0 trident of flaming
Missiles
 c - 29 stones
 e - 13 sling bullets
 g - 11 bolts
 i - 18 poisoned darts (quivered)
 m - 7 curare-tipped darts
 B - a throwing net
Armour
 n - a +1 pair of boots (worn)
 u - the +3 hat of Pondering (worn) {ponderous, Will+ MP+10 Int+5}
   (You found it on level 9 of the Dungeon)

   Int:       It affects your intelligence (+5).
   MP:        It affects your magic capacity (+10).
   Will:      It increases your willpower.
 I - a +0 chain mail (worn)
Jewellery
 l - a ring of willpower (right hand)
 r - a +6 ring of strength (left hand)
 z - an amulet of faith (around neck)
 E - a ring of protection from cold
Wands
 f - a wand of mindburst (7)
 y - a wand of paralysis (7)
 H - a wand of digging (6)
 Q - a wand of flame (43)
Scrolls
 k - 3 scrolls of teleportation
 A - 4 scrolls of fog
 D - a scroll of magic mapping
 O - a scroll of blinking
 Z - a scroll of brand weapon {unknown}
Potions
 b - a potion of resistance
 p - a potion of berserk rage
 q - a potion of curing
 t - a potion of heal wounds
 v - a potion of mutation {unknown}
 C - 3 potions of haste
 L - 5 potions of flight
 P - 6 potions of might
 V - a potion of invisibility
 W - 3 potions of lignification
 Y - a potion of brilliance {unknown}


   Skills:
 * Level 13.2 Fighting
 - Level 5.7(10.5) Axes
 - Level 11.5(12.0) Maces & Flails
 - Level 10.0 Armour
 - Level 5.0 Dodging
 - Level 1.5 Stealth
 - Level 10.0 Invocations


You had 11 spell levels left.
You didn't know any spells.
Your spell library contained the following spells:

 Spells                   Type           Power      Damage    Failure   Level
 Scorch                   Fire           0%         2d5       90%         2
 Flame Wave               Conj/Fire      0%         3d3       100%        4
 Summon Cactus Giant      Summ           0%         N/A       100%        6


Dungeon Overview and Level Annotations

Branches:
Dungeon (9/15)             Temple (1/1) D:5            Lair (3/6) D:8
Ossuary (visited)
  Swamp: Lair:2-4    Shoals: Lair:2-4     Snake: Lair:2-4    Spider: Lair:2-4
    Orc: D:9-12

Altars:
Cheibriados
Dithmenos
Elyvilon
Fedhas
Gozag
Hepliaklqana
Kikubaaqudgha
Makhleb
Nemelex Xobeh
Okawaru
Ru
Sif Muna
Trog
Uskayaw
Wu Jian
Xom
Zin

Shops:
D:1 ?   D:3 *

Annotations:
Lair:3 exclusion: oklob plant


Message History

You hear a bellow! x2; You hear a roar!
You feel better.
You are engulfed in poison gas.
You are poisoned.
You feel very sick. The swamp dragon misses you.
The swamp dragon barely misses you. The swamp dragon tramples you.
You stumble backwards!
You barely miss the swamp dragon.
The swamp dragon is severely wounded.
You are engulfed in poison gas.
You are more poisoned.
* * * LOW HITPOINT WARNING * * *
x2 You feel very sick.
You feel better.
You are engulfed in poison gas.
You are poisoned.
* * * LOW HITPOINT WARNING * * *
You feel very sick. The swamp dragon bites you.
* * * LOW HITPOINT WARNING * * *
The swamp dragon claws you.
* * * LOW HITPOINT WARNING * * *
The swamp dragon barely misses you.
You feel much better.
You are engulfed in poison gas.
You are more poisoned.
* * * LOW HITPOINT WARNING * * *
You feel extremely sick. The swamp dragon bites you!
* * * LOW HITPOINT WARNING * * *
The swamp dragon closely misses you.
The swamp dragon tramples you but does no damage.
* * * LOW HITPOINT WARNING * * *
You feel extremely sick.
The swamp dragon breathes poison at you.
The blast of poison engulfs you!
You are more poisoned.
* * * LOW HITPOINT WARNING * * *
You hear a bellow!
You hear a roar!
You hear a deafening roar!
You hear a bellow!
You feel better.
You are engulfed in poison gas.
You are poisoned.
* * * LOW HITPOINT WARNING * * *
You die...

....#≈≈≈≈≈≈..≈≈≈≈.........
......≈≈≈?...≈≈≈≈....
......≈P≈..≈≈≈≈..#..
#P...≈≈≈≈≈≈≈≈...
#≈..P≈..○≈..#
##..≈.≈.°°°.# .#
#..###..°D°.# #..#
#...##.☼°☼°## .. #..##
##...##.☼@☼# ... ##..P#
#..###.☼☼☼### ....
.#..#####.####§☼☼.#.##....
....#.##..†.##...........P
.........)................
.......###.#..............
..##...# ###...##...#.##.
.P###P.# ###....#...##.#
..# ##.###o#...#....# #..


You could see a swamp dragon (catching breath).

Vanquished Creatures
  2 two-headed ogres
  A tengu warrior (D:9)
  A death yak (D:8)
  Pikel (D:5)
  An elephant (D:8)
  3 cane toads
  A gargoyle (D:8)
  A komodo dragon (Lair:3)
  Grinder (D:4)
  A hornet (D:9)
  2 basilisks (D:8)
  A wyvern (D:9)
  Eustachio (D:5)
  A steam dragon (D:8)
  3 vampire mosquitoes (Lair:3)
  10 yaks
  4 water moccasins
  2 orc warriors
  A sky beast (D:7)
  A hornet zombie (D:7)
  An ogre (D:7)
  2 necrophages
  4 wolves (Lair:2)
  4 centaurs
  3 lemures (D:5)
  2 phantoms
  A kobold brigand (D:9)
  2 bullfrogs
  3 scorpions
  A wyvern skeleton (D:7)
  4 killer bees (D:9)
  2 wights (D:9)
  A howler monkey (D:9)
  2 bullfrog zombies (D:6)
  2 jellies
  3 centaur zombies
  2 gnoll shamans
  5 hounds
  4 orc priests
  3 bullfrog skeletons
  A scorpion zombie (D:4)
  2 iguanas
  5 orc wizards
  A killer bee zombie (D:9)
  5 hound zombies
  4 mummies (Ossuary)
  A howler monkey zombie (D:9)
  9 adders
  7 gnolls
  A shadow imp (D:7)
  A white imp (D:6)
  An ufetubus (D:6)
  3 worms
  2 dart slugs (D:1)
  16 orcs
  4 endoplasms
  3 giant cockroaches
  2 gnoll zombies (Ossuary)
  10 hobgoblins
  11 kobolds
  3 quokkas
  4 ball pythons
  A bat (D:3)
  6 frilled lizards
  6 goblins
  A goblin zombie (Ossuary)
  A hobgoblin zombie (Ossuary)
  A jackal zombie (Ossuary)
  3 kobold zombies (Ossuary)
  3 rats
208 creatures vanquished.

Vanquished Creatures (collateral kills)
  2 hydras
  A centaur warrior (D:9)
  A two-headed ogre (D:9)
  A cyclops (D:9)
  6 cane toads (Lair:2)
  A komodo dragon (Lair:1)
  A hornet (D:9)
  11 yaks
  A basilisk (Lair:2)
  A steam dragon (D:9)
  An orc warrior (D:9)
  A wolf (Lair:2)
  A bullfrog (D:9)
  2 wights (D:9)
  A howler monkey (D:9)
  A centaur zombie (D:9)
  A hound skeleton (D:8)
34 creatures vanquished.

Vanquished Creatures (others)
  An orc knight (Lair:1)
  An orc priest (Lair:3)
  4 orc wizards
  5 orcs
  A goblin (D:4)
  13 fungi
  8 plants
33 creatures vanquished.

Grand Total: 275 creatures vanquished

Notes
Turn   | Place    | Note
-------+----------+-------------------------------------------
     0 | D:1      | avis the Hill Orc Monk began the quest for the Orb.
     0 | D:1      | Reached XP level 1. HP: 19/19 MP: 1/1
   143 | D:1      | Reached XP level 2. HP: 23/27 MP: 2/2
   391 | D:1      | Found Zoem's Magic Scroll Emporium.
   406 | D:1      | Reached skill level 4 in Fighting
   483 | D:1      | Reached skill level 5 in Axes
   685 | D:1      | Reached XP level 3. HP: 33/33 MP: 3/3
  1156 | D:1      | Found a faded altar of an unknown god.
  1750 | D:2      | Reached skill level 1 in Maces & Flails
  1791 | D:2      | Reached XP level 4. HP: 39/40 MP: 4/4
  2610 | D:3      | Reached XP level 5. HP: 33/46 MP: 5/5
  2885 | D:3      | Found an iron altar of Okawaru.
  3506 | D:3      | Found Hixicuqe's General Store.
  3696 | D:4      | Reached skill level 5 in Maces & Flails
  3696 | D:4      | Reached XP level 6. HP: 38/52 MP: 6/6
  4330 | D:4      | Noticed Grinder
  4343 | D:4      | Killed Grinder
  4344 | D:4      | Reached skill level 5 in Fighting
  4344 | D:4      | Reached XP level 7. HP: 61/61 MP: 7/7
  4351 | D:4      | Became a worshipper of Beogh the Brigand
  4351 | D:4      | Reached * piety under Beogh
  4351 | D:4      | Reached ** piety under Beogh
  4471 | D:5      | Entered Level 5 of the Dungeon
  4479 | D:5      | Found a sand-covered staircase.
  4493 | Ossuary  | Entered an ossuary
  4801 | D:5      | Found a staircase to the Ecumenical Temple.
  4809 | D:5      | Reached skill level 1 in Invocations
  5001 | D:5      | Reached XP level 8. HP: 67/68 MP: 9/9
  5857 | Temple   | Entered the Ecumenical Temple
  6091 | D:6      | Noticed Eustachio
  6095 | D:6      | Noticed Pikel
  6162 | D:5      | Killed Eustachio
  6163 | D:5      | Reached skill level 10 in Maces & Flails
  6163 | D:5      | Reached skill level 5 in Invocations
  6247 | D:5      | Killed Pikel
  6248 | D:5      | Reached XP level 9. HP: 47/74 MP: 12/12
  7388 | D:7      | Reached skill level 6 in Fighting
  7470 | D:7      | Reached *** piety under Beogh
  7615 | D:7      | Found a glowing silver altar of Zin.
  7618 | D:7      | Found a white marble altar of Elyvilon.
  7672 | D:7      | Reached skill level 7 in Fighting
  8339 | D:8      | Reached skill level 8 in Fighting
  8507 | D:8      | Noticed a gargoyle
  8617 | D:8      | Killed a gargoyle
  8618 | D:8      | Reached skill level 9 in Fighting
  8618 | D:8      | Reached XP level 10. HP: 44/91 MP: 6/14
  8940 | D:8      | Reached skill level 10 in Fighting
  9099 | D:8      | Noticed a death yak
  9100 | D:8      | Found a staircase to the Lair.
  9100 | D:8      | Noticed an elephant
  9126 | D:8      | Killed a death yak
  9145 | D:8      | Killed an elephant
  9747 | D:8      | Found a shimmering altar of Xom.
  9767 | D:8      | Noticed a two-headed ogre
  9780 | D:8      | Killed a two-headed ogre
  9781 | D:8      | Reached skill level 10 in Invocations
 10053 | D:8      | Found a burning altar of Makhleb.
 10227 | Lair:1   | Entered Level 1 of the Lair of Beasts
 10227 | Lair:1   | Noticed a cane toad
 10235 | Lair:1   | Killed a cane toad
 10277 | Lair:1   | Noticed Nergalle
 10281 | Lair:1   | Noticed a spectral orc warlord
 10410 | Lair:1   | Noticed a four-headed hydra
 10411 | Lair:1   | Found a burning altar of Makhleb.
 10418 | Lair:1   | Killed a four-headed hydra
 10419 | Lair:1   | Reached skill level 5 in Armour
 10419 | Lair:1   | Reached XP level 11. HP: 57/99 MP: 18/18
 11356 | Lair:2   | Reached skill level 5 in Dodging
 12018 | Lair:2   | Noticed a seven-headed hydra
 12050 | Lair:2   | Reached **** piety under Beogh
 12051 | Lair:2   | Killed a seven-headed hydra
 13431 | D:9      | Found a shadowy altar of Dithmenos.
 13458 | D:9      | Noticed a two-headed ogre
 13486 | D:9      | Noticed a tengu warrior
 13496 | D:9      | Killed a two-headed ogre
 13504 | D:9      | Killed a tengu warrior
 14275 | D:9      | Paralysed by a hornet for 1 turns
 14456 | D:9      | Noticed a two-headed ogre
 14461 | D:9      | Reached skill level 10 in Armour
 14465 | D:9      | Killed a two-headed ogre
 14466 | D:9      | Reached XP level 12. HP: 76/107 MP: 19/19
 14479 | D:9      | Noticed a centaur warrior
 14487 | D:9      | Killed a centaur warrior
 14488 | D:9      | Reached skill level 11 in Fighting
 14602 | D:9      | Reached skill level 12 in Fighting
 14889 | D:9      | Found the +3 hat of Pondering {ponderous, Will+ MP+10
                  | Int+5}
 15210 | D:9      | Found a sparkling altar of Nemelex Xobeh.
 15971 | Lair:3   | Reached skill level 13 in Fighting
 16147 | Lair:3   | HP: 2/115 [swamp dragon/blast of poison (9)]
 16148 | Lair:3   | Succumbed to a swamp dragon's poison gas

Illustrated notes

Levels and vault maps discovered:
D:1:      saegor_arrival_miasma, layout_basic,
          shapermc_ecumenical_altar_acropolis, serial_shops, shop, hex_medium,
          minmay_misc_feat_diagonals, minivault_11, minmay_heptomino_h4
D:2:      layout_loops_ring
D:3:      layout_basic, mainiacjoe_overflow_concentric_impassable, serial_shops,
          shop
D:4:      layout_rooms, kennysheep_generic_room_16, uniq_grinder
D:5:      layout_loops_ring, minmay_temple_entry_grid, enter_ossuary_1
D:6:      layout_loops_ring, minivault_24, uniq_eustachio, uniq_pikel
D:7:      layout_loops_cross, chequers_temple_overflow_statue_of_worship
D:8:      layout_loops_ring, nicolae_overflow_hidden_temple,
          makhleb_blood_cavern_becter, david_lair_generic
D:9:      layout_basic, mainiacjoe_overflow_cross_hatched,
          mainiacjoe_overflow_paths, nzn_random_ring
Temple:   eino_temple_lava
Lair:1:   layout_chaotic_city, basic_altar, uniq_nergalle
Lair:2:   layout_gridlike, gauntlet_entry_generic,
          chequers_serial_rivers_room_a, chequers_serial_rivers_micro_b,
          grunt_megastairs_4, lemuel_fruit_tree
Lair:3:   layout_small_grid, chequers_serial_rivers_micro_a, st_stairs_11, pond

Skill      XL: |  1  2  3  4  5  6  7  8  9 10 11 12 |
---------------+-------------------------------------+-----
Fighting       | 4 5 9 10 13 | 13.2
Axes           | 5 |  5.7
Maces & Flails | 1 3 5 7 8 11 | 11.5
Invocations    | 2 5 10 | 10.0
Armour         | 5 10 | 10.0
Dodging        | 3 5 |  5.0
Stealth        | |  1.5

Action                   |  1- 3 |  4- 6 |  7- 9 | 10-12 || total
-------------------------+-------+-------+-------+-------++-------
Melee: Hand axe          |    74 |       |       |       ||    74
       Whip              |    16 |   242 |   377 |   418 ||  1053
Throw: Dart              |       |       |     5 |       ||     5
Invok: Convert to Beogh  |       |       |     1 |       ||     1
       Smiting           |       |       |     2 |     5 ||     7
       Recall Orcish Fol |       |       |       |     3 ||     3
       Stop Recall       |       |       |       |     1 ||     1
Evoke: Wand              |       |     1 |       |       ||     1
  Use: Scroll            |       |       |    13 |    11 ||    24
       Potion            |       |       |       |     8 ||     8
 Stab: Paralysed         |       |     9 |       |       ||     9
       Distracted        |       |       |       |     3 ||     3
Armor: Robe              |    12 |       |       |       ||    12
       Plate armour      |     9 |   125 |   152 |   152 ||   438
       Chain mail        |       |       |       |    22 ||    22
Dodge: Dodged            |    31 |    65 |    84 |   101 ||   281

Table legend: (Time is in decaauts)
 A = Elapsed time spent in this place.
 B = Non-inter-level travel time spent in this place.
 C = Inter-level travel time spent in this place.
 D = Time resting spent in this place.
 E = Time spent auto-exploring this place.
 F = Levels seen in this place.
 G = Mean time per level.
                   A        B        C        D        E       F      G
               +--------+--------+--------+--------+--------+-----+--------+
         Total |  15821 |  14351 |   1470 |   4589 |   6528 |  14 | 1130.1 |
       Dungeon |  11899 |  10789 |   1110 |   3600 |   5017 |   9 | 1322.1 |
        Temple |     31 |     31 |      0 |      0 |      0 |   1 |   31.0 |
          Lair |   3621 |   3261 |    360 |    923 |   1492 |   3 | 1207.0 |
       Ossuary |    269 |    269 |      0 |     66 |     19 |   1 |  269.0 |
               +--------+--------+--------+--------+--------+-----+--------+

Top non-repeatable levels by time:
  Lair:2: 1924 daAuts
     D:9: 1914 daAuts
     D:1: 1690 daAuts
     D:8: 1664 daAuts
     D:5: 1542 daAuts
     D:7: 1339 daAuts
  Lair:1: 1286 daAuts
     D:6: 993 daAuts
     D:3: 961 daAuts
     D:2: 955 daAuts
     D:4: 837 daAuts
  Lair:3: 409 daAuts
 Ossuary: 269 daAuts
  Temple: 31 daAuts
